 Dungeon Crawl Stone Soup version 0.27-a0-906-g0a00ce863d (webtiles) character file.

Game seed: 10003154766056139668

14 jestyr24 the Magician (level 2, -2/21 HPs)
             Began as a Djinni Hedge Wizard on Apr 7, 2021.
             Slain by a hobgoblin (5 damage)
             ... on level 1 of the Dungeon on Apr 8, 2021.
             The game lasted 00:03:21 (815 turns).

jestyr24 the Magician (Djinni Hedge Wizard)          Turns: 815, Time: 00:03:23

Health: -2/21      AC:  2    Str:  9    XL:     2   Next: 45%
Gold:   20         EV: 12    Int: 15    God:
                   SH:  0    Dex: 12

rFire    + + .     SeeInvis .   a - +0 dagger
rCold    x . .     Faith    .   (no shield)
rNeg     . . .     Spirit   .   b - +0 robe
rPois    ∞         Reflect  .   c - +0 hat
rElec    .         Harm     .   (no cloak)
rCorr    .         Rampage  .   (no gloves)
Will     .....                  (boots unavailable)
Stlth    ++........             (no amulet)
HPRegen  0.07/turn              (no ring)
MPRegen  0.00/turn              (no ring)

@: flying
A: fire resistance 2, cold vulnerability 1, float, innate caster, hp casting,
extra vitality 1
a: no special abilities


You were on level 1 of the Dungeon.
You visited 1 branch of the dungeon, and saw 1 of its levels.

You collected 20 gold pieces.

Inventory:

Hand Weapons
 a - a +0 dagger (weapon)
Armour
 b - a +0 robe (worn)
 c - a +0 hat (worn)
Scrolls
 f - a scroll of fear {unknown}
Potions
 d - a potion of haste {unknown}
 e - a potion of attraction {unknown}


   Skills:
 + Level 2.3 Dodging
 + Level 1.7 Stealth
 + Level 3.2 Spellcasting


You couldn't memorise any spells.
You knew the following spells:

 Your Spells              Type           Power      Damage    Failure   Level
a - Magic Dart            Conj           48%        1d5       5%          1
b - Blink                 Tloc           N/A        N/A       8%          2
c - Call Imp              Summ           12%        N/A       8%          2
d - Slow                  Hex            12%        N/A       8%          2
e - Conjure Flame         Conj/Fire      12%        6-21      16%         3
f - Mephitic Cloud        Conj/Pois/Air  12%        N/A       16%         3
Your spell library was empty.

Dungeon Overview and Level Annotations

Branches:
Dungeon (1/15)

Altars:


Innate Abilities, Weirdness & Mutations

You are immune to poison.
Your flesh is very heat resistant. (rF++)
You are vulnerable to cold. (rC-)
You float through the air rather than walking.
You learn spells naturally, not from books.
Your magical power is your life essence.
You have superior vitality. (+4 HP)


Message History

* * * LOW HITPOINT WARNING * * *
The bat barely misses you. The bat misses you. The bat misses you.
Found 3 gold pieces.
You see here a scroll labelled VOEDE EDAIC.
f - a scroll labelled VOEDE EDAIC The bat barely misses you.
Casting: Blink (safe; 8% risk of failure)
Confirm with . or Enter, or press ? or * to list all spells.
Aiming: Magic Dart (safe; 5% risk of failure)
Press: ? - help, Shift-Dir - straight line, f/p - hobgoblin
Aim: a hobgoblin, wearing a +0 ring mail (moderately wounded, 0% to evade)
The magic dart hits the bat.
The bat is heavily wounded.
* * * LOW HITPOINT WARNING * * *
The bat hits you but does no damage. The bat misses you. The bat misses you.
The bat hits you but does no damage. The bat barely misses you.
The bat completely misses you. The bat hits you but does no damage.
You see here 3 gold pieces.
You now have 20 gold pieces (gained 3).
The bat barely misses you. The bat barely misses you.
You hit the bat.
The bat is severely wounded.
The bat hits you.
* * * LOW HITPOINT WARNING * * *
Casting: Magic Dart (safe; 5% risk of failure)
Confirm with . or Enter, or press ? or * to list all spells.
Aiming: Magic Dart (safe; 5% risk of failure)
Press: ? - help, Shift-Dir - straight line, f/p - hobgoblin
Aim: a hobgoblin, wearing a +0 ring mail (moderately wounded, 0% to evade)
The magic dart hits the hobgoblin but does no damage.
The hobgoblin is moderately wounded.
* * * LOW HITPOINT WARNING * * *
The hobgoblin hits you.
You die...

########. .#
#.......#.####.#
#............#.#
####.........#....#
...........#.#..#.#
.....###........#.#
.....# #....#..##.#
:....###>.....bg@.#
###............####
#............#
#...........##
########+##+#.#
.8## #.# ...## ###
....##♣ .>...#♣


You could see a hobgoblin and a bat.

Vanquished Creatures
  An endoplasm (D:1)
  2 goblins (D:1)
  A hobgoblin (D:1)
  4 jackals (D:1)
  A kobold (D:1)
  A ball python (D:1)
  A frilled lizard (D:1)
  A rat (D:1)
12 creatures vanquished.

Notes
Turn   | Place    | Note
-------+----------+-------------------------------------------
     0 | D:1      | jestyr24 the Djinni Hedge Wizard began the quest for the
                  | Orb.
     0 | D:1      | Reached XP level 1. HP: 15/15 MP: 0/0
   344 | D:1      | Reached skill level 3 in Spellcasting
   344 | D:1      | Reached XP level 2. HP: 18/21 MP: 0/0
   815 | D:1      | Slain by a hobgoblin

Illustrated notes

Levels and vault maps discovered:
D:1:      beargit_arrival_diablo_church, layout_basic, minmay_hexomino_r4

Skill      XL: |  1 |
---------------+----+-----
Spellcasting   | 3 |  3.2
Dodging        | |  2.3
Stealth        | |  1.7

Action                   || total
-------------------------++-------
Melee: Dagger            ||     4
 Cast: Magic Dart        ||    40
       Blink             ||     1
Armor: Robe              ||    12
Dodge: Dodged            ||    39

Table legend: (Time is in decaauts)
 A = Elapsed time spent in this place.
 B = Non-inter-level travel time spent in this place.
 C = Inter-level travel time spent in this place.
 D = Time resting spent in this place.
 E = Time spent auto-exploring this place.
 F = Levels seen in this place.
 G = Mean time per level.
                   A        B        C        D        E       F      G
               +--------+--------+--------+--------+--------+-----+--------+
         Total |    815 |    815 |      0 |    493 |    163 |   1 |  815.0 |
       Dungeon |    815 |    815 |      0 |    493 |    163 |   1 |  815.0 |
               +--------+--------+--------+--------+--------+-----+--------+

Top non-repeatable levels by time:
     D:1: 815 daAuts
